015, lawful female dwarven Valkyrie ------ ------------ |....| ####+>.........| |.....#######|..........| |....|### #..`........-######## |<...| --|---------######## ------ ########### # # ### # ## ---.----.-- |....$....| |..I..{...| |...<...... |.........| ----------- 015 the Skirmisher Experience level: 4 Strength: 18 Dexterity: 8 Constitution: 20 Intelligence: 10 Wisdom: 10 Charisma: 9 Health: 0(47) Energy: 4(4) Def: 6 Gold: 552 Moves: 1885 Dungeon seed: a0wW7kU-77ANolOL Game ID: 015_1587312311 Your Inventory: Coins $ - 552 gold pieces Weapons a - a +1 long sword (weapon in hand) b - a +0 dagger t - 34 +0 darts u - a blessed +0 dart v - a +0 flail Armor e - an uncursed +3 small shield (being worn) r - a cursed -1 ring mail (being worn) Wands p - a wand of make invisible (0:8) Tools g - an uncursed bag of holding Gems n - 10 uncursed rocks (in quiver) q - an uncursed worthless piece of yellowish brown glass Contents of the bag of holding: an uncursed ring of conflict Spells and supernatural/magical abilities: Name Level Category Fail Memory W - pray for help -- divine ? -- Your skills at the end: Fighting Skills Weapon Skills dagger [Basic] long sword [Basic] Spellcasting Skills Final Attributes: You were piously aligned. You were cold resistant. You saw invisible. You were telepathic. You had infravision. You were stealthy. You are dead. Vanquished creatures: a fog cloud a shrieker a floating eye a kitten a hill orc 3 orc zombies 2 coyotes a giant rat a cave spider a gnome zombie a gecko 2 jackals a goblin a sewer rat 7 grid bugs a bat 3 lichens 2 kobold zombies 7 newts 38 creatures vanquished. Voluntary challenges: You were an atheist. You used a wielded weapon 38 times, starting on turn 79. You read items or engraved 3 times, starting on turn 716. You never genocided any monsters. You never polymorphed an object. You never changed form. You used no wishes. You never split a pudding. You never wrote Elbereth's name. You never violated your personal moral code. Dungeon overview: The Dungeons of Doom: levels 1 to 7 Level 1 a long staircase Level 2 a fountain, a sink Level 3 a long staircase Level 4 Level 5 many fountains Level 6 <- You were here a fountain a long staircase Level 7 an altar to Tyr, a fountain History has recorded: On T:1 you entered the Dungeons of Doom to retrieve the Amulet of Yendor! On T:139 you reached level 2 of The Dungeons of Doom. On T:404 you reached level 3 of The Dungeons of Doom. On T:622 you reached level 4 of The Dungeons of Doom. On T:715 you advanced to experience level 2. On T:1134 you reached level 5 of The Dungeons of Doom. On T:1154 you advanced to experience level 3. On T:1609 you reached level 6 of The Dungeons of Doom. On T:1642 you reached level 7 of The Dungeons of Doom. On T:1717 you advanced to experience level 4. Score breakdown: Gold: 552 ( 9329 points) Experience: 4 levels ( 9649 points) Exploration: 7 levels ( 14.89%) (10834 points) Discoveries: 9 items ( 3.66%) ( 5738 points) Valuables value: (no points given unless you survive) Artifact value: 0 ( 0 points) Variety of kills: 19 monsters ( 4.99%) ( 6699 points) Turncount: 1885 turns ( 0 points) Survival: died (score multiplied by 80%) Total score: 33799 Latest messages: The scimitar welds itself to the hill orc's hand! The hill orc throws an orcish dagger! The crude dagger hits the hill orc. The hill orc wields a scimitar! You see here an orcish dagger. The hill orc is caught in a bear trap! The giant ant bites! (2x) You see a door open. Valkyrie needs food, badly! You see here a statue of a shrieker. The door opens. The large kobold hits! You faint from lack of food. You come to. w - a swirly potion. This tastes like slime mold juice. (You can name a swirly potion from the item naming menu.) The large kobold misses. You faint from lack of food. It hits! (3x) You die... Final status: Farvel 015 the Valkyrie, killed by a large kobold, while fainted from lack of food... You died in The Dungeons of Doom on dungeon level 6 with 33799 points, and 552 pieces of gold, after 1885 moves. You were level 4 with a maximum of 47 hit points when you died.